 Dungeon Crawl Stone Soup version 0.17.1-1-g73c8601 (console) character file.

133 Kloppie the Skirmisher (level 5, 0/43 HPs)
             Began as a Formicid Fighter on Dec 13, 2015.
             Slain by an orc
             ... wielding a +0 hand axe of chopping
              (3 damage)
             ... on level 3 of the Dungeon.
             The game lasted 00:03:08 (2190 turns).

Kloppie the Skirmisher (Formicid Fighter)           Turns: 2190, Time: 00:03:09

Health: 0/43       AC: 11    Str: 21      XL:     5   Next: 39%
Magic:  5/5        EV:  7    Int:  8      God:
Gold:   47         SH:  9    Dex:  6 (10) Spells: 0 memorised, 4 levels left

rFire  . . .     SeeInvis +     a - +0 war axe
rCold  . . .     Clarity  .     b - +0 scale mail
rNeg   . . .     SustAt   .     c - +0 shield
rPois  .         Gourm    .     (helmet unavailable)
rElec  .         Spirit   .     u - +2 cloak
rCorr  .         Warding  .     s - +0 pair of gloves
rMut   .         Stasis   +     (no boots)
MR     .....                    (no amulet)
Stlth  ..........               (no ring)
                                (no ring)

@: lethally poisoned (0 -> -3), not resistant to hostile enchantments, extremely
unstealthy
A: permanent stasis, dig shafts and tunnels, four strong arms, antennae 3
a: Dig, Shaft Self


You were on level 3 of the Dungeon.
You were hungry.

You visited 1 branch of the dungeon, and saw 3 of its levels.

You collected 47 gold pieces.

Inventory:

Hand Weapons
 a - a +0 war axe (weapon)
 r - a cursed +0 hand axe
Armour
 b - a +0 scale mail (worn)
 c - a +0 shield (worn)
 g - a +0 large shield
 s - a +0 pair of gloves (worn)
 u - a +2 cloak (worn)
Jewellery
 f - an uncursed ring of protection from magic {unknown}
Scrolls
 h - a scroll of blinking {unknown}
 k - a scroll of identify {unknown}
 q - a scroll of random uselessness {unknown}
 t - a scroll of noise {unknown}
Potions
 d - 3 potions of might
 n - a potion of agility
 p - 2 potions of degeneration
Comestibles
 e - a bread ration
 l - a royal jelly
 m - a meat ration
 v - a slice of pizza


   Skills:
 + Level 4.6 Fighting
 + Level 4.2 Axes
 - Level 3.2 Armour
 - Level 3.6 Shields


You had 4 spell levels left.
You didn't know any spells.

Dungeon Overview and Level Annotations

Branches:
Dungeon (3/15)

Altars:


Innate Abilities, Weirdness & Mutations

You are under a permanent stasis effect.
You can dig through walls and to a lower floor.
Your four strong arms can wield two-handed weapons with a shield.
You have a pair of large antennae on your head (SInv).


Message History

* * * LOW HITPOINT WARNING * * *
You feel sick.
* * * LOW HITPOINT WARNING * * *
You feel sick.
Found 6 gold pieces.
* * * LOW HITPOINT WARNING * * *
You feel sick.
An orc comes into view. It is wielding a hand axe of chopping.
The orc shouts!
Found a leather armour.
* * * LOW HITPOINT WARNING * * *
You feel sick.
A giant gecko comes into view.
* * * LOW HITPOINT WARNING * * *
You feel sick. The orc hits you but does no damage.
You hit the orc.
The orc is heavily wounded.
You barely miss the giant gecko. The giant gecko closely misses you.
The orc hits you with a hand axe of chopping.
You die...

....... #.... .......
##.... # .......###.....
.. ###### #..%.g)..[.#
#..#........########.#
........## #)##
.........## #####.)##
..........######......$.
.....$o@..............<.
...[...l.#######........
#........# #........
###.####.. #####..## #
..## #### #.. ###


You could see an orc and a giant gecko.

Vanquished Creatures
  An orc wizard (D:3)
  4 adders
  An ooze (D:2)
  2 worms (D:2)
  A giant gecko (D:1)
  3 orcs (D:3)
  A ball python (D:3)
  3 bats (D:1)
  4 giant cockroaches
  12 hobgoblins
  10 kobolds
  A giant newt (D:1)
  6 goblins
  7 rats
56 creatures vanquished.

Notes
Turn   | Place    | Note
--------------------------------------------------------------
     0 | D:1      | Kloppie the Formicid Fighter began the quest for the Orb.
     0 | D:1      | Reached XP level 1. HP: 18/18 MP: 1/1
   165 | D:1      | Reached XP level 2. HP: 18/24 MP: 2/2
   820 | D:1      | Reached XP level 3. HP: 27/30 MP: 3/3
  1249 | D:2      | Reached skill level 4 in Fighting
  1430 | D:2      | Reached XP level 4. HP: 33/37 MP: 4/4
  1823 | D:3      | Reached XP level 5. HP: 38/43 MP: 5/5
  2190 | D:3      | Slain by an orc

Action                   |  1- 3 |  4- 6 || total
-------------------------+-------+-------++-------
Melee: War axe           |   118 |    93 ||   211
  Use: Potion            |       |     4 ||     4
  Eat: Chunk             |     2 |     2 ||     4
